 Dungeon Crawl Stone Soup version 0.32-a0-872-g59262bdc9b (console) character file.

Game seed: 6592998891164336523

341 IsvaffelMax the Twirler (level 6, -1/61 HPs)
             Began as an Oni Gladiator on Mar 30, 2024.
             Was an Initiate of Beogh.
             Succumbed to a scorpion's poison
             ... on level 5 of the Dungeon.
             The game lasted 00:04:36 (3488 turns).

IsvaffelMax the Twirler (Oni Gladiator)             Turns: 3488, Time: 00:04:37

Health: -1/61      AC:  7    Str: 19    XL:     6   Next: 56%
Magic:  6/6        EV:  9    Int:  9    God:    Beogh [......]
Gold:   236        SH:  0    Dex: 12    Spells: 5/5 levels left

rFire   + . .        a - +0 quarterstaff
rCold   + . .        (shield currently unavailable)
rNeg    . . .        b - +0 robe
rPois   +            c - +0 hat
rElec   +            (no cloak)
rCorr   +            (gloves unavailable)
SInv    .            (boots unavailable)
Will    .....        (no amulet)
Stlth   +            s - +4 ring of protection
HPRegen 0.30/turn    (no ring)
MPRegen 0.10/turn

%: no passive effects
@: lethally poisoned (-1 -> -14), resistant, attractive
A: large, unfitting armour, horns 1, tough skin 1, double potion healing,
drunken brawling
a: Renounce Religion


You were on level 5 of the Dungeon.
You worshipped Beogh.
Beogh was noncommittal.
You visited 1 branch of the dungeon, and saw 5 of its levels.

You collected 236 gold pieces.

Inventory:

Hand Weapons
 a - a +0 quarterstaff (weapon)
Missiles
 d - 3 throwing nets (quivered)
 e - a large rock
Armour
 b - a +0 robe (worn)
 c - a +0 hat (worn)
Jewellery
 s - a +4 ring of protection (left hand)
Wands
 r - a wand of flame (19)
Scrolls
 f - a scroll of amnesia {unknown}
 g - 6 scrolls of identify {unknown}
 h - 3 scrolls of teleportation {unknown}
 k - a scroll of brand weapon {unknown}
 l - 2 scrolls of immolation {unknown}
 m - 3 scrolls of enchant weapon {unknown}
 n - 2 scrolls of enchant armour {unknown}
 o - a scroll of fear {unknown}
 u - a scroll of noise {unknown}
Potions
 j - a potion of curing {unknown}
 q - a potion of magic {unknown}
 t - a potion of berserk rage {unknown}


   Skills:
 - Level 3.3 Fighting
 - Level 6.6 Staves
 - Level 2.0 Throwing
 + Level 3.3 Dodging


You had 5 spell levels left.
You didn't know any spells.
Your spell library contained the following spells:

 Spells                   Type           Power      Damage    Failure   Level
 Necrotise                Necr           0%         1d4       38%         1
 Mercury Vapours          Alch/Air       0%         N/A       52%         2
 Mephitic Cloud           Conj/Alch/Air  0%         N/A       77%         3
 Sigil of Binding         Hex            0%         N/A       77%         3
 Vampiric Draining        Necr           0%         2d6       77%         3
 Martyr's Knell           Necr/Summ      0%         N/A       99%         4
 Curse of Agony           Necr           0%         N/A       100%        5
 Freezing Cloud           Conj/Ice/Air   0%         6-21      100%        5
 Death Channel            Necr           0%         N/A       100%        6
 Sculpt Simulacrum        Ice/Alch       0%         N/A       100%        6


Dungeon Overview and Level Annotations

Branches:
Dungeon (5/15)
 Temple: D:4-7

Altars:
The Shining One


Innate Abilities, Weirdness & Mutations

You are too large for most types of armour.
You have a pair of small horns on your head.
You have tough skin. (AC +1)
You gain doubled healing and magic from potions.
Whenever you drink a healing potion, you attack all around you.


Message History

The iguana is heavily wounded.
The iguana bites you but does no damage.
The scorpion stings you. x2
The iguana attacks as it pursues you! The iguana bites you!
The scorpion attacks as it pursues you! The scorpion barely misses you.
The scorpion closely misses you. The scorpion barely misses you.
You hit the scorpion. Your headbutt misses the scorpion.
The scorpion is lightly wounded.
The scorpion stings you but does no damage.
The scorpion attacks as it pursues you! The scorpion stings you.
You are poisoned.
The scorpion poisons you!
You feel sick. The scorpion attacks as it pursues you! The scorpion stings you.
You feel sick.
You feel sick. The scorpion barely misses you.
You feel sick. The scorpion attacks as it pursues you! The scorpion stings you.
You are more poisoned.
The scorpion poisons you!
You feel very sick. The scorpion attacks as it pursues you!
The scorpion stings you but does no damage.
The scorpion attacks as it pursues you! The scorpion stings you.
You feel very sick.
You feel sick. The scorpion attacks as it pursues you! The scorpion stings you.
* * * LOW HITPOINT WARNING * * *
You are lethally poisoned!
The scorpion poisons you! The scorpion stings you.
* * * LOW HITPOINT WARNING * * *
* * * LOW HITPOINT WARNING * * *
You feel very sick. The scorpion attacks as it pursues you!
The scorpion closely misses you.
It was a potion of resistance.
You feel protected.
* * * LOW HITPOINT WARNING * * *
You feel very sick.
The scorpion stings you but does no damage.
It was a potion of attraction.
You feel attractive to monsters.
You die...

#.....#
#####.....#
..........######
#.....<.......
#.#......(....
#.#...........
#.###.........
##s###.##......
.#######.s@...#
......
........l######
......
#.....##.#
####..
####...l##
###...# ##..# #
#..# #.## ##..##
##...###....####


You could see 2 scorpions and an iguana.

Vanquished Creatures
  3 orc priests
  2 hounds
  A sleepcap (D:4)
  8 adders
  5 dart slugs
  2 ribbon worms
  11 orcs
  4 endoplasms
  A giant cockroach (D:2)
  2 goblins
  5 hobgoblins
  5 jackals
  5 kobolds
  3 quokkas
  7 ball pythons
  5 bats
  4 frilled lizards
  9 rats
82 creatures vanquished.

Notes
Turn   | Place    | Note
-------+----------+-------------------------------------------
     0 | D:1      | IsvaffelMax the Oni Gladiator began the quest for the Orb.
     0 | D:1      | Reached XP level 1. HP: 22/22 MP: 1/1
   228 | D:1      | Reached XP level 2. HP: 24/29 MP: 2/2
   269 | D:1      | Found a faded altar of an unknown god.
   765 | D:1      | Reached skill level 4 in Staves
   821 | D:2      | Reached XP level 3. HP: 28/36 MP: 3/3
  1093 | D:2      | Reached XP level 4. HP: 26/44 MP: 4/4
  1288 | D:2      | Reached skill level 5 in Staves
  1422 | D:2      | Found a glowing golden altar of the Shining One.
  1895 | D:3      | Reached XP level 5. HP: 49/50 MP: 5/5
  2280 | D:3      | Reached skill level 6 in Staves
  2835 | D:3      | Became a worshipper of Beogh the Shepherd
  2913 | D:4      | Reached XP level 6. HP: 38/59 MP: 6/6
  3027 | D:4      | Found the +0 toga "Victory" {*Victory Clar}
  3405 | D:5      | Entered Level 5 of the Dungeon
  3487 | D:5      | HP: 1/61 [poisoned by a scorpion]
  3488 | D:5      | Succumbed to a scorpion's poison

Illustrated notes

Levels and vault maps discovered:
D:1:      psy_arrival_wood_between_worlds, layout_basic,
          shapermc_ecumenical_altar_notcrosses, st_stairs_1, amethyst_killhole
D:2:      cheibrodos_pilgrimage, layout_basic, basic_altar,
          minmay_misc_feat_pillars, minmay_strange_pillars
D:3:      layout_basic
D:4:      layout_rooms, nicolae_zig_zag_zippers
D:5:      layout_rooms, mainiacjoe_overflow_alcove_2, temple_hall,
          kennysheep_small_square

Skill      XL: |  1  2  3  4  5  6 |
---------------+-------------------+-----
Staves         | 4 5 6 |  6.6
Fighting       | 3 |  3.3
Dodging        | 3 |  3.3
Throwing       | |  2.0

Action                     |  1- 3 |  4- 6 || total
---------------------------+-------+-------++-------
  Melee: Quarterstaff      |    84 |   159 ||   243
         Headbutt          |     6 |    25 ||    31
 Invoke: Convert to Beogh  |       |     1 ||     1
    Use: Potion            |       |     2 ||     2
   Stab: Distracted        |     1 |       ||     1
         Sleeping          |       |     2 ||     2
 Armour: Robe              |    67 |   116 ||   183
  Dodge: Dodged            |    67 |    64 ||   131

Table legend: (Time is in decaauts)
 A = Elapsed time spent in this place.
 B = Non-inter-level travel time spent in this place.
 C = Inter-level travel time spent in this place.
 D = Time resting spent in this place.
 E = Time spent auto-exploring this place.
 F = Levels seen in this place.
 G = Mean time per level.
                   A        B        C        D        E       F      G
               +--------+--------+--------+--------+--------+-----+--------+
         Total |   3496 |   3426 |     70 |    185 |   2642 |   5 |  699.2 |
       Dungeon |   3496 |   3426 |     70 |    185 |   2642 |   5 |  699.2 |
               +--------+--------+--------+--------+--------+-----+--------+

Top non-repeatable levels by time:
     D:3: 1101 daAuts
     D:2: 871 daAuts
     D:1: 815 daAuts
     D:4: 625 daAuts
     D:5: 82 daAuts
